Map: Romanticide LE

Players

LiquidClem (Clem) - Winner!

  • Race: Terran Terran
  • League: Grandmaster
  • Spawn Location: 11:00

LiquidMaNa (MaNa)

  • Race: Protoss Protoss
  • League: Grandmaster
  • Spawn Location: 5:00

Event: StayAtHome Story Cup #3

VOD

Have the link to the VOD?

Description

Time

  • Played on: March 11, 2021, 8:49 a.m.
  • Length: 13:42

All games in this series

Show
View Real Time Build Order
Export as new Build Order

LiquidClem Terran - Winner!

Build Orders: Reaper Expand 

Get SALT Encoding   

  12  0:00  SCV  
  13  0:12  SCV  
  14  0:17  Supply Depot  
  14  0:24  SCV  
  15  0:38  SCV  
  15  0:40  Barracks  
  16  0:42  Refinery  
  16  0:50  SCV  
  17  1:02  SCV  
  18  1:15  SCV  
  19  1:26  Reaper  
  19  1:27  Orbital Command  
  20  1:52  Command Center  
  20  1:53  SCV  
  21  1:59  Marine  
  22  2:03  Supply Depot  
  22  2:08  SCV  
  23  2:11  Factory  
  23  2:19  Barracks Reactor  
  23  2:21  Bunker  
  23  2:25  SCV  
  23  2:29  Refinery  
  24  2:37  SCV  
  25  2:49  SCV  
  26  2:56  Starport, Hellion  
  26  2:58  Marine x2  
  29  3:01  SCV  
  30  3:09  Orbital Command  
  30  3:13  SCV  
  30  3:17  Marine x2  
  30  3:18  Factory Tech Lab  
  33  3:25  SCV  
  34  3:35  SCV, Marine x2  
  34  3:38  SCV  
  38  3:42  Factory Tech Lab, Supply Depot  
  38  3:48  Raven  
  40  3:50  SCV x2  
  40  3:54  Barracks  
  42  3:57  Marine  
  42  3:58  Marine  
  42  4:02  SCV  
  43  4:03  SCV  
  44  4:11  Siege Tank  
  44  4:12  Supply Depot  
  44  4:14  SCV  
  44  4:15  SCV  
  49  4:18  Barracks  
  49  4:21  Marine x2  
  50  4:26  SCV  
  50  4:27  SCV  
  52  4:31  Supply Depot  
  52  4:38  SCV  
  53  4:40  SCV  
  53  4:41  Refinery  
  53  4:42  Marine x2  
  53  4:45  Siege Tank  
  59  4:49  Marine  
  59  4:50  SCV  
  59  4:52  Engineering Bay  
  61  4:53  SCV  
  61  4:55  Stimpack  
  62  5:00  Marine x2  
  62  5:04  SCV  
  62  5:05  SCV, Supply Depot  
  66  5:09  Refinery  
  66  5:11  Marauder  
  68  5:19  Marine, Siege Tank  
  67  5:23  Marine  
  67  5:24  Barracks Tech Lab  
  67  5:27  Bunker  
  68  5:32  Marauder  
  68  5:34  SCV x2  
  72  5:42  Marine x2  
  70  5:45  Marauder  
  70  5:46  SCV  
  70  5:47  Supply Depot  
  70  5:48  SCV  
  73  5:51  Siege Tank  
  73  5:57  Marauder  
  77  5:59  SCV  
  77  6:03  Marine  
  77  6:04  Marine  
  75  6:06  Supply Depot  
  75  6:07  Marauder  
  75  6:09  Starport Reactor  
  77  6:17  SCV  
  79  6:18  Marauder  
  79  6:21  Marine x2  
  81  6:27  Terran Infantry Weapons Level 1, Supply Depot  
  81  6:31  SCV x2  
  77  6:40  Marauder  
  77  6:43  SCV, Marine x2  
  77  6:45  Barracks Tech Lab  
  78  6:48  Combat Shield  
  78  6:49  SCV, Siege Tank  
  78  6:53  Supply Depot  
  82  6:56  SCV  
  85  7:01  SCV, Marauder  
  85  7:02  Medivac  
  85  7:03  Marine x2  
  85  7:04  Marauder  
  90  7:08  SCV  
  90  7:13  Medivac  
  93  7:20  Command Center  
  93  7:21  Marine  
  94  7:22  Marauder  
  94  7:25  SCV x2  
  94  7:27  Marauder  
  94  7:29  Marine  
  98  7:33  Siege Tank  
  101  7:37  SCV, Supply Depot  
  101  7:38  SCV  
  101  7:42  Marine  
  104  7:49  SCV  
  104  7:50  SCV  
  105  7:53  Marauder  
  105  7:54  Marine  
  105  7:57  Marauder  
  110  8:02  Supply Depot  
  110  8:03  Medivac  
  110  8:04  Medivac  
  110  8:05  Marine  
  115  8:06  Concussive Shells  
  115  8:08  Supply Depot  
  114  8:14  Marine  
  114  8:15  Marauder  
  114  8:18  SCV  
  118  8:23  Siege Tank  
  118  8:24  Marauder  
  118  8:25  Supply Depot  
  118  8:26  SCV  
  124  8:28  Marine  
  124  8:31  Marine  
  126  8:36  Marauder  
  128  8:45  Marauder  
  120  8:50  Marine  
  120  8:52  Orbital Command, SCV  
  123  8:55  SCV  
  123  8:56  Siege Tank  
  123  8:58  Marauder, Marine  
  129  9:05  SCV, Medivac  
  129  9:06  Marauder, Medivac  
  129  9:07  SCV, Marine  
  138  9:15  Barracks  
  138  9:16  Barracks  
  139  9:17  SCV  
  139  9:18  SCV  
  139  9:22  Terran Infantry Armor Level 1  
  140  9:25  Marauder  
  140  9:30  Marine x2  
  144  9:32  SCV x3  
  144  9:35  Supply Depot  
  144  9:36  Siege Tank  
  150  9:40  Marauder  
  150  9:44  SCV, Supply Depot  
  153  9:49  SCV, Marauder  
  153  9:50  SCV  
  153  9:51  Viking  
  159  9:54  Viking  
  159  9:59  Marine x2  
  163  10:02  Marauder  
  163  10:03  Barracks Reactor, Supply Depot  
  163  10:05  Barracks Reactor  
  163  10:06  Barracks Tech Lab  
  165  10:09  Supply Depot  
  165  10:10  Marauder  
  165  10:11  Siege Tank  
  170  10:16  SCV, Supply Depot  
  170  10:17  Refinery  
  170  10:18  Marine x2  
  173  10:23  Marauder  
  173  10:25  Marauder  
  173  10:26  Supply Depot  
  173  10:28  Viking  
  179  10:30  Viking  
  179  10:33  Marauder  
  182  10:41  Missile Turret  
  182  10:47  Command Center  
  182  10:49  Siege Tank  
  185  10:53  Marine x2  
  185  10:54  Marine  
  185  10:56  Marauder  
  190  11:02  Marine  
  191  11:05  Armory, Marauder  
  191  11:06  Marauder  
  191  11:08  Refinery, Engineering Bay  
  195  11:13  Viking  
  195  11:17  Marauder  
  198  11:18  Viking, Ghost Academy  
  198  11:34  Marauder  
  198  11:37  Marauder  
  183  11:40  Marauder  
  183  11:44  Marine x4  
  178  11:49  Siege Tank  
  175  11:56  Marauder  
  175  11:58  Marauder  
  153  12:01  Marine  
  153  12:05  Medivac  
  145  12:15  Marine x4  
  149  12:16  SCV  
  149  12:17  Marauder  
  149  12:19  SCV  
  149  12:21  Siege Tank  
  149  12:22  SCV  
  157  12:23  Marauder  
  157  12:26  Marauder  
  157  12:28  SCV  
  162  12:35  Marine x2  
  162  12:36  Marine x2  
  166  12:38  Marauder  
  166  12:39  Viking  
  170  12:44  Marauder  
  170  12:49  Marauder  
  174  12:53  Marine x3  
  174  12:54  Marine  
  176  13:00  Marauder  
  176  13:01  Siege Tank  
  176  13:03  Medivac  
  180  13:06  Marauder  
  180  13:11  Marine, Medivac  
Show
View Real Time Build Order
Export as new Build Order

LiquidMaNa Protoss 

Build Orders: 1 Gate Expand, Blink Stalkers 

Get SALT Encoding   

  12  0:00  Probe  
  13  0:12  Probe  
  14  0:17  Pylon  
  14  0:24  Probe (Chrono Boost)  
  15  0:36  Probe (Chrono Boost)  
  15  0:37  Gateway  
  16  0:45  Probe (Chrono Boost)  
  16  0:46  Assimilator  
  17  0:51  Probe  
  18  1:03  Probe  
  19  1:15  Probe  
  20  1:23  Cybernetics Core  
  20  1:34  Nexus  
  20  1:42  Pylon  
  20  1:44  Probe  
  21  1:51  Assimilator  
  21  1:56  Probe  
  21  1:58  Adept (Chrono Boost)  
  24  2:05  Warp Gate  
  23  2:08  Probe  
  24  2:18  Adept (Chrono Boost)  
  24  2:22  Probe  
  27  2:29  Twilight Council  
  27  2:34  Probe  
  28  2:46  Probe  
  28  2:50  Probe, Gateway  
  30  2:59  Probe  
  30  3:02  Probe  
  30  3:08  Robotics Facility  
  30  3:09  Blink (Chrono Boost)  
  30  3:11  Probe  
  31  3:15  Probe  
  32  3:23  Probe  
  32  3:26  Gateway  
  33  3:29  Probe  
  34  3:35  Probe  
  34  3:39  Gateway  
  34  3:41  Probe  
  36  3:47  Probe  
  37  3:53  Probe, Stalker  
  40  3:59  Probe, Warp Prism (Chrono Boost)  
  42  4:05  Probe  
  43  4:10  Pylon  
  43  4:12  Stalker  
  43  4:15  Probe  
  46  4:28  Stalker x2  
  50  4:32  Pylon  
  50  4:33  Stalker  
  50  4:35  Stalker  
  54  4:40  Pylon  
  54  4:49  Pylon  
  55  4:57  Stalker  
  55  4:58  Stalker x3  
  62  5:02  Assimilator  
  62  5:04  Pylon  
  52  5:22  Stalker x4  
  52  5:24  Probe  
  57  5:47  Stalker x4  
  57  5:49  Probe x2  
  67  5:51  Assimilator  
  65  6:05  Nexus  
  65  6:09  Robotics Bay  
  65  6:10  Probe  
  66  6:11  Probe  
  67  6:22  Immortal  
  67  6:24  Probe x2 (Chrono Boost)  
  73  6:36  Probe x2 (Chrono Boost)  
  71  6:42  Probe (Chrono Boost)  
  66  6:48  Stalker x4  
  66  6:49  Probe  
  66  6:53  Shield Battery  
  73  6:56  Colossus (Chrono Boost)  
  73  7:07  Shield Battery  
  79  7:10  Extended Thermal Lance  
  79  7:17  Probe x2  
  79  7:18  Zealot, Sentry  
  85  7:23  Charge (Chrono Boost)  
  85  7:30  Probe  
  86  7:38  Colossus  
  86  7:39  Gateway  
  86  7:41  Gateway  
  86  7:49  Zealot x2  
  86  7:50  Zealot  
  98  7:52  Probe  
  98  7:53  Probe  
  101  8:03  Sentry  
  101  8:10  Pylon  
  101  8:12  Pylon  
  101  8:13  Pylon  
  101  8:25  Pylon  
  101  8:28  Probe  
  101  8:31  Colossus  
  108  8:43  Zealot x4  
  104  8:51  Zealot x2  
  108  8:57  Gateway  
  108  8:59  Gateway  
  108  9:04  Zealot x3  
  108  9:05  Probe  
  108  9:06  Probe  
  108  9:08  Probe  
  117  9:11  Zealot x2  
  117  9:15  Gateway  
  121  9:17  Probe, Gateway  
  121  9:20  Probe x2  
  121  9:23  Templar Archives  
  124  9:29  Stalker x3  
  127  9:33  Probe x2  
  129  9:40  Probe  
  130  9:45  Probe, Forge  
  130  9:46  Probe, Forge  
  130  9:47  Assimilator x2  
  132  9:55  Shield Battery  
  132  10:01  Pylon  
  132  10:09  Probe  
  133  10:15  Protoss Ground Weapons Level 1 (Chrono Boost), Protoss Ground Armor Level 1 (Chrono Boost)  
  133  10:21  Pylon  
  133  10:24  High Templar x4  
  133  10:26  Pylon  
  133  10:28  Archon x2  
  141  10:39  Probe  
  141  10:41  High Templar x3, Pylon  
  141  10:42  High Templar  
  149  10:43  Pylon  
  149  10:45  Archon  
  149  10:46  Archon  
  149  10:47  Disruptor (Chrono Boost)  
  149  10:53  Nexus x2  
  149  10:54  Pylon  
  149  10:56  Probe x3  
  155  11:01  Stalker  
  155  11:04  Shield Battery  
  156  11:06  Zealot  
  158  11:16  Disruptor  
  159  11:23  Zealot x5  
  164  11:36  Zealot x3  
  144  11:42  Zealot  
  140  11:49  Zealot x5  
  140  11:52  Colossus  
  110  12:05  High Templar  
  110  12:06  High Templar x3  
  114  12:11  Archon x2  
  114  12:13  Stalker x5  
  124  12:36  High Templar, Stalker x2  
  124  12:37  High Templar, Zealot x2  
  132  12:38  Zealot x3  
  132  12:41  Archon  
  142  12:45  Colossus (Chrono Boost)  
  147  12:51  Shield Battery  
  147  12:53  Shield Battery  
  124  13:12  Zealot x3, Stalker x4  
  106  13:32  Zealot x2  
Tags
 
Add a new tag
Caveats
  • Supply blocks, unpowered buildings, or Contaminate may cause inaccurate times.
  • Supply counts are checked every 10 seconds.